 Dungeon Crawl Stone Soup version 0.30-a0-377-g5cb311bc9f (webtiles) character file.

Game seed: 18437321286141999787

23619 Sabo the Basher (level 12, -2/162 HPs)
             Began as a Black Draconian Berserker on Nov 28, 2022.
             Was an Elder of Trog.
             Slain by a yaktaur captain (13 damage)
             ... on level 14 of the Dungeon on Nov 29, 2022.
             The game lasted 01:39:33 (17582 turns).

Sabo the Basher (Black Draconian Berserker)        Turns: 17582, Time: 01:39:34

Health: -2/162     AC: 18    Str: 33    XL:     12   Next: 73%
Magic:  12/12      EV: 12    Int:  7    God:    Trog [****..]
Gold:   854        SH: 21    Dex: 11    Spells: 11/11 levels left

rFire   . . .      SeeInvis +    F - +6 hammer of Currency {freeze, rPois rC+ Str+8 Dex-2}
rCold   + . .      Faith    .    G - +2 tower shield {AC+3}
rNeg    . . .      Spirit   .    (body armour unavailable)
rPois   +          Reflect  +    a - +1 hat
rElec   +          Harm     .    d - +2 cloak
rCorr   .          Rampage  +    m - +0 pair of gloves
Will    .....                    N - +1 pair of boots of Emiriat {Rampage Str+2}
Stlth   ..........               D - amulet of reflection
HPRegen 0.47/turn                s - ring of see invisible
MPRegen 0.13/turn                j - ring of flight

@: mighty, berserking, short of breath, marked, flying, studying Axes, very
quick
A: breathe lightning, AC +8, unfitting armour, electricity resistance,
cold-blooded
a: Breathe Lightning, Renounce Religion, Berserk, Trog's Hand, Brothers in Arms


You were on level 14 of the Dungeon.
You worshipped Trog.
Trog was greatly pleased with you.
You visited 1 branch of the dungeon, and saw 14 of its levels.
You also visited: Gauntlet and Ice Cave.

You collected 938 gold pieces.
You spent 84 gold pieces at shops.

Inventory:

Hand Weapons
 c - a +1 arbalest of flaming
 r - a +4 scimitar of flaming
 t - the +8 whip "Lutorph" {flame, rElec}
   (You found it on level 10 of the Dungeon)

   It burns those it strikes, dealing additional fire damage.
   rElec:     It insulates you from electricity.
 x - a +0 war axe of draining
 E - a +4 flail of protection
 F - the +6 hammer of Currency (weapon) {freeze, rPois rC+ Str+8 Dex-2}
   (You found it on level 7 of the Dungeon)

   It freezes those it strikes, dealing additional cold damage.
   It can also slow down cold-blooded creatures.
   Str:       It affects your strength (+8).
   Dex:       It affects your dexterity (-2).
   rC:        It protects you from cold.
   rPois:     It protects you from poison.
 J - a +2 eveningstar of protection
Missiles
 e - 2 curare-tipped darts
 g - 3 throwing nets
 k - 7 boomerangs (quivered)
 v - 19 poisoned darts
 w - 7 silver boomerangs
 H - 5 boomerangs of dispersal
 K - 13 javelins
Armour
 a - a +1 hat (worn)
 d - a +2 cloak (worn)
 m - a +0 pair of gloves (worn)
 z - a scarf of resistance
 G - a +2 tower shield of protection (worn)
 N - the +1 pair of boots of Emiriat (worn) {Rampage Str+2}
   (You found it in a Gauntlet)

   Str:       It affects your strength (+2).
   Rampage:   It bestows one free step when moving towards enemies.
Jewellery
 j - a ring of flight (right hand)
 q - an amulet of guardian spirit
 s - a ring of see invisible (left hand)
 D - an amulet of reflection (around neck)
Wands
 o - a wand of roots (3)
 B - a wand of flame (80)
 L - a wand of paralysis (2)
Scrolls
 b - 3 scrolls of blinking
 l - 6 scrolls of teleportation
 I - 3 scrolls of fear
 M - a scroll of magic mapping
Potions
 f - 3 potions of curing
 i - a potion of resistance {unknown}
 n - 2 potions of mutation {unknown}
 p - a potion of heal wounds
 u - a potion of invisibility {unknown}
 A - a potion of berserk rage {unknown}
 C - a potion of cancellation {unknown}
Miscellaneous
 y - a condenser vane


   Skills:
 + Level 10.6 Fighting
 + Level 5.0(9.7) Axes
 + Level 12.8(13.1) Maces & Flails
 + Level 1.3 Throwing
 + Level 9.8 Dodging
 + Level 6.0 Stealth
 + Level 8.0 Shields


You had 11 spell levels left.
You didn't know any spells.
Your spell library was empty.

Dungeon Overview and Level Annotations

Branches:
Dungeon (14/15)            Temple (0/1) D:5            Lair (0/5) D:8
    Orc (0/2) D:10          IceCv (visited)         Gauntlet (visited)
 Vaults: D:13-14

Altars:
Hepliaklqana
Kikubaaqudgha
Qazlal
The Shining One

Shops:
D:9 *(

Annotations:
D:13 2 transporters, jlumianski's ghost, journeyman MiFi


Innate Abilities, Weirdness & Mutations

You can breathe wild blasts of lightning.
Your glossy black scales are hard. (AC +8)
You cannot fit into any form of body armour.
You are resistant to electric shocks. (rElec)
You are cold-blooded and may be slowed by cold attacks.


Message History

You hit the gargoyle but do no damage. You tail-slap the gargoyle.
The gargoyle is heavily damaged.
The yaktaur misses you. The yaktaur captain hits you!!
* * * LOW HITPOINT WARNING * * *
You block the troll's attack. x2; The troll barely misses you.
You block the gargoyle's attack.
You barely miss the gargoyle. You tail-slap the gargoyle.
The gargoyle is heavily damaged.
The troll closely misses you. You block the troll's attack.
The troll claws you but does no damage. You block the gargoyle's attack.
The yaktaur captain hits you but does no damage.
The yaktaur hits you but does no damage.
You hit the gargoyle but do no damage.
The gargoyle is heavily damaged.
You block the gargoyle's attack. You block the yaktaur's attack.
The troll misses you. You block the troll's attack.
The troll barely misses you. The yaktaur captain hits you!
* * * LOW HITPOINT WARNING * * *
Unknown command.
You barely miss the gargoyle.
The gargoyle is heavily damaged.
You sock the gargoyle! You freeze the gargoyle.
You destroy the gargoyle!
Trog accepts your kill.
You block the troll's attack. x3; The yaktaur captain hits you.
* * * LOW HITPOINT WARNING * * *
The yaktaur hits you!
* * * LOW HITPOINT WARNING * * *
Your Shields skill increases to level 8!
You thump the yaktaur captain! You freeze the yaktaur captain.
The yaktaur captain is heavily wounded.
You block the wizard's attack. You block the yaktaur captain's attack.
The yaktaur closely misses you. You block the troll's attack. x2
The troll closely misses you.
You barely miss the yaktaur captain.
The yaktaur captain is heavily wounded.
You block the wizard's attack. You block the troll's attack.
The troll barely misses you. The troll closely misses you.
The yaktaur captain hits you!
You die...

$# .# . .#
.. .# ...#
.#
..<..###.##
........c.#
......p@c.#
$..#.#T)..#
......#
###....#
#.#.## ..
.. .. .[
#.. ...


You could see a yaktaur captain, a yaktaur, a wizard and a troll.

Vanquished Creatures
  Gastronok (D:8)
  A minotaur (Gauntlet)
  A centaur warrior (D:13)
  A boulder beetle (D:12)
  Erica (D:11)
  2 tengu warriors
  3 two-headed ogres
  Urug (D:11)
  An orc knight (D:10)
  A cyclops (D:11)
  3 ugly things
  3 gargoyles
  Maggie (D:8)
  An efreet (D:13)
  2 rime drakes (D:11)
  A hellwing (Gauntlet)
  5 trolls
  A queen bee (shapeshifter) (D:13)
  Prince Ribbit (D:8)
  A raiju (Gauntlet)
  10 slime creatures
  A wraith (D:9)
  4 wyverns
  A vampire (D:12)
  18 yaks
  2 basilisks
  A steam dragon (Gauntlet)
  Menkaure (D:7)
  2 swamp worms (Gauntlet)
  Edmund (D:5)
  2 acid dragons
  A water moccasin (D:8)
  An ice beast (D:8)
  2 sky beasts
  3 black bears
  4 orc warriors
  3 ogres
  4 centaurs
  A kobold brigand (D:6)
  2 necrophages
  A gnoll sergeant (D:7)
  4 cane toad simulacra (IceCv)
  A scorpion (D:6)
  8 killer bees
  4 howler monkeys
  11 orc priests
  A jelly (D:6)
  2 gnoll boudas
  Crazy Yiuf (D:7)
  3 hounds
  13 orc wizards
  5 iguanas
  21 gnolls
  7 adders
  A shadow imp (Gauntlet)
  An ufetubus (D:4)
  A worm (D:3)
  2 dart slugs
  50 orcs
  2 ball pythons (D:4)
  4 bats
  9 endoplasms
  4 giant cockroaches
  4 goblins
  14 hobgoblins
  6 quokkas
  2 frilled lizards
  8 kobolds
  4 rats
290 creatures vanquished.

Vanquished Creatures (collateral kills)
  A kobold brigand (D:6)
  An orc priest (D:6)
  An adder (D:6)
  3 orcs (D:6)
  3 kobolds (D:6)
9 creatures vanquished.

Vanquished Creatures (others)
  3 fungi
  4 plants (D:8)
  4 toadstools (D:1)
11 creatures vanquished.

Grand Total: 310 creatures vanquished

Notes
Turn   | Place    | Note
-------+----------+-------------------------------------------
     0 | D:1      | Sabo the Draconian Berserker began the quest for the Orb.
     0 | D:1      | Reached XP level 1. HP: 19/19 MP: 1/1
   137 | D:1      | Reached XP level 2. HP: 26/26 MP: 2/2
   707 | D:1      | Reached XP level 3. HP: 33/33 MP: 3/3
  1239 | D:2      | Reached XP level 4. HP: 36/39 MP: 4/4
  1342 | D:2      | Found a stormy altar of Qazlal.
  1450 | D:2      | Reached skill level 1 in Stealth
  1450 | D:2      | Reached XP level 5. HP: 47/47 MP: 5/5
  2019 | D:3      | Reached ** piety under Trog
  3221 | D:4      | Reached skill level 1 in Maces & Flails
  3221 | D:4      | Reached XP level 6. HP: 53/53 MP: 6/6
  3344 | D:4      | Found a hazy altar of Hepliaklqana.
  3477 | D:4      | You fall into a shaft and drop 3 floors!
  3538 | D:7      | Reached skill level 5 in Axes
  3548 | D:7      | Reached skill level 2 in Maces & Flails
  3628 | D:7      | Noticed a sky beast
  3803 | D:5      | Entered Level 5 of the Dungeon
  3804 | D:5      | Noticed Edmund
  3819 | D:6      | Reached skill level 5 in Fighting
  3819 | D:6      | Reached skill level 3 in Maces & Flails
  3819 | D:6      | Your scales start taking on a glossy black colour.
  3819 | D:6      | Reached XP level 7. HP: 61/61 MP: 4/7
  3819 | D:6      | Gained mutation: You are resistant to electric shocks.
                  | (rElec) [Black Draconian growth]
  3907 | D:6      | Noticed a wyvern
  3923 | D:6      | Killed a wyvern
  3933 | D:6      | Reached skill level 4 in Maces & Flails
  3967 | D:6      | Reached XP level 8. HP: 33/70 MP: 4/8
  4264 | D:6      | Reached skill level 5 in Maces & Flails
  4264 | D:6      | Reached *** piety under Trog
  4322 | D:6      | Reached skill level 1 in Shields
  4932 | D:4      | Reached skill level 5 in Dodging
  5008 | D:5      | Found a staircase to the Ecumenical Temple.
  5160 | D:5      | Reached skill level 6 in Maces & Flails
  5614 | D:5      | Killed Edmund
  5713 | D:5      | Identified the +3 ring mail of Coit {Str+3 SInv}
  5958 | D:6      | Reached XP level 9. HP: 77/78 MP: 9/9
  6312 | D:7      | Noticed Menkaure
  6323 | D:7      | Killed Menkaure
  6784 | D:7      | Found a runed translucent door.
  6785 | D:7      | Noticed Crazy Yiuf
  6786 | D:7      | Identified the +6 hammer of Currency {freeze, rPois rC+
                  | Str+8 Dex-2}
  6793 | D:7      | Killed Crazy Yiuf
  7144 | D:7      | Reached skill level 7 in Maces & Flails
  7555 | D:8      | Noticed Gastronok
  7566 | D:8      | Killed Gastronok
  7567 | D:8      | Reached skill level 8 in Maces & Flails
  8099 | D:8      | Reached XP level 10. HP: 86/86 MP: 10/10
  8106 | D:8      | Reached skill level 9 in Maces & Flails
  8260 | D:8      | Noticed a gargoyle
  8286 | D:8      | Killed a gargoyle
  8286 | D:8      | Reached **** piety under Trog
  8286 | D:8      | HP: 4/129 [orc warrior/+0 dire flail (11)]
  8471 | D:8      | Noticed Prince Ribbit
  8491 | D:8      | Killed Prince Ribbit
  8576 | D:8      | Noticed Maggie
  8585 | D:8      | Killed Maggie
  8691 | D:8      | Found a staircase to the Lair.
  8724 | D:8      | Reached skill level 10 in Maces & Flails
  9200 | D:9      | Noticed a two-headed ogre
  9210 | D:9      | Killed a two-headed ogre
  9413 | D:9      | Reached skill level 5 in Shields
  9436 | D:9      | Found a glowing golden altar of the Shining One.
  9850 | D:9      | Found Hucoage's Weapon Emporium.
  9873 | D:9      | Reached XP level 11. HP: 78/95 MP: 11/11
  9951 | D:9      | Found Seczoram's General Store.
 10075 | D:9      | Bought a scroll of identify for 28 gold pieces
 10075 | D:9      | Bought a scroll of fear for 56 gold pieces
 10256 | D:10     | Entered Level 10 of the Dungeon
 10658 | D:10     | Noticed a tengu warrior
 10669 | D:10     | Killed a tengu warrior
 10963 | D:10     | Identified the +8 whip "Lutorph" {flame, rElec}
 11092 | D:10     | Reached skill level 5 in Stealth
 11507 | D:10     | Noticed an orc knight
 11523 | D:10     | Killed an orc knight
 11666 | D:10     | Found a staircase to the Orcish Mines.
 12080 | D:11     | Noticed a two-headed ogre
 12094 | D:11     | Killed a two-headed ogre
 12095 | D:11     | Reached skill level 11 in Maces & Flails
 12193 | D:11     | Noticed a two-headed ogre
 12213 | D:11     | Killed a two-headed ogre
 12358 | D:11     | Found a frozen archway.
 12404 | IceCv    | Entered an ice cave
 12404 | IceCv    | Noticed a white ugly thing
 12411 | IceCv    | Killed a white ugly thing
 12482 | IceCv    | Found a transporter.
 12484 | IceCv    | Noticed a white ugly thing
 12495 | IceCv    | Found a transporter.
 12539 | D:11     | Noticed Erica
 12541 | D:11     | Noticed Urug
 12567 | D:11     | Killed Urug
 12575 | D:11     | Killed Erica
 12995 | D:11     | Identified a scroll of acquirement
 12996 | D:11     | Acquired a manual of Axes
 13640 | D:12     | Found an ancient bone altar of Kikubaaqudgha.
 13640 | D:12     | Noticed a red ugly thing
 13658 | D:12     | Killed a red ugly thing
 13853 | D:12     | Reached XP level 12. HP: 61/106 MP: 12/12
 14094 | D:12     | Noticed a boulder beetle
 14144 | D:12     | Killed a boulder beetle
 14444 | D:12     | Reached skill level 10 in Fighting
 14444 | D:12     | Reached skill level 12 in Maces & Flails
 15649 | D:13     | Found a gate leading to a gauntlet.
 15657 | Gauntlet | Entered a Gauntlet
 15657 | Gauntlet | Found a transporter.
 15668 | Gauntlet | Found a transporter.
 15686 | Gauntlet | Found a transporter.
 15698 | Gauntlet | Found a transporter.
 15716 | Gauntlet | Found a transporter.
 15736 | Gauntlet | Found a transporter.
 15750 | Gauntlet | Found a transporter.
 15753 | Gauntlet | Noticed a reaper
 15762 | Gauntlet | Found a transporter.
 15774 | Gauntlet | Found a transporter.
 15786 | Gauntlet | Found a transporter.
 15792 | Gauntlet | Noticed a blizzard demon
 15804 | Gauntlet | Found a transporter.
 15824 | Gauntlet | Found a transporter.
 15826 | Gauntlet | Found a transporter.
 15870 | Gauntlet | Found a transporter.
 15872 | Gauntlet | Found a transporter.
 15874 | Gauntlet | Found a transporter.
 15904 | Gauntlet | Found a transporter.
 15906 | Gauntlet | Found a transporter.
 16152 | Gauntlet | Noticed a jorogumo
 16190 | Gauntlet | Reached skill level 1 in Throwing
 16279 | Gauntlet | Identified the +1 pair of boots of Emiriat {Rampage Str+2}
 16313 | Gauntlet | Noticed a fire dragon
 16320 | Gauntlet | Noticed a minotaur
 16323 | Gauntlet | a fire dragon changed into a radroach
 16323 | Gauntlet | Noticed a radroach (shapeshifter)
 16329 | Gauntlet | a radroach changed into a wolf spider
 16335 | Gauntlet | Killed a minotaur
 16721 | Gauntlet | Identified the +1 leather armour of Buwouf {rElec Int+4}
 16725 | Gauntlet | Identified the +1 robe of Agoraphobia {Int+2 Stlth+}
 17341 | D:13     | Noticed a centaur warrior
 17355 | D:13     | Killed a centaur warrior
 17392 | D:13     | Noticed a tengu warrior
 17404 | D:13     | Killed a tengu warrior
 17516 | D:13     | Identified the +8 short sword of Perfectionism {antimagic,
                  | Dex+3}
 17534 | D:13     | Noticed jlumianski's ghost (journeyman MiFi)
 17545 | D:13     | Found a transporter.
 17555 | D:13     | Found a transporter.
 17557 | D:13     | Noticed a yaktaur captain
 17582 | D:14     | Slain by a yaktaur captain

Illustrated notes

Levels and vault maps discovered:
D:1:      ldierk_water_garden, layout_basic
D:2:      layout_loops_ring, basic_altar, minmay_misc_feat_secret_circle,
          minmay_stone_trees_medium, hangedman_decor_growths
D:3:      layout_basic, st_stairs_6, minmay_crystal_water, saegor_snake_ambush
D:4:      layout_loops_ring, lemuel_round_altar
D:5:      layout_rooms, minmay_temple_entry_butterflies, uniq_edmund
D:6:      layout_rooms
D:7:      layout_basic, uniq_crazy_yiuf_cottage, uniq_menkaure
D:8:      layout_basic, david_lair_generic, uniq_gastronok, uniq_maggie,
          uniq_prince_ribbit1
D:9:      layout_roguey, mainiacjoe_overflow_chevrons, serial_shops,
          nicolae_shop_statue_plus, nicolae_shop_advertising_works
          [nicolae_subvault_shop_adworks]
D:10:     cheibrodos_orc_bank, layout_rooms, minmay_microvault
D:11:     layout_irregular_city, portal_ice_cave_rime, uniq_urug, uniq_erica
D:12:     layout_stronghold, kiku_gazebo_garden_becter
D:13:     layout_loops_ring, david_vaults_2, gauntlet_entry_generic,
          gammafunk_ghost_hive
D:14:     layout_rooms, amcnicky_mini_pool_small, interstate_on_off,
          nicolae_shop_fire_sale [nicolae_sub_dead_trees]

Skill      XL: |  1  2  3  4  5  6  7  8  9 10 11 12 |
---------------+-------------------------------------+-----
Dodging        | 3 4 5 6 7 8 9 |  9.8
Fighting       | 4 5 6 7 8 9 10 | 10.6
Axes           | 4 5 |  5.0
Stealth        | 1 2 3 4 5 6 |  6.0
Maces & Flails | 1 3 4 6 8 10 11 12 | 12.8
Shields        | 1 3 5 7 8 |  8.0
Throwing       | 1 |  1.3

Action                   |  1- 3 |  4- 6 |  7- 9 | 10-12 || total
-------------------------+-------+-------+-------+-------++-------
Melee: Hand axe          |    64 |    17 |       |       ||    81
       Tailslap          |     5 |    20 |    36 |    96 ||   157
       War axe           |       |    52 |       |       ||    52
       Mace              |       |    73 |   200 |   511 ||   784
       Flail             |       |       |    44 |       ||    44
       Whip              |       |       |       |    33 ||    33
Throw: Throwing net      |       |       |     1 |       ||     1
       Boomerang         |       |       |       |     5 ||     5
       Dart              |       |       |       |     4 ||     4
Invok: Berserk           |     3 |     5 |     7 |    18 ||    33
       Trog's Hand       |       |       |     1 |       ||     1
 Abil: Breathe Lightning |       |       |     2 |     7 ||     9
  Use: Scroll            |       |     8 |     9 |    11 ||    28
       Potion            |       |       |     2 |    12 ||    14
 Stab: Sleeping          |       |     1 |     3 |     3 ||     7
       Distracted        |       |       |     1 |     1 ||     2
       Held in net/web   |       |       |     1 |       ||     1
Armor: Skin              |    14 |    49 |    92 |   128 ||   283
Dodge: Dodged            |    41 |    95 |   206 |   266 ||   608
Block: Buckler           |       |     5 |    57 |   180 ||   242
       Reflection        |       |       |     1 |    11 ||    12
       Tower shield      |       |       |       |    90 ||    90

Table legend: (Time is in decaauts)
 A = Elapsed time spent in this place.
 B = Non-inter-level travel time spent in this place.
 C = Inter-level travel time spent in this place.
 D = Time resting spent in this place.
 E = Time spent auto-exploring this place.
 F = Levels seen in this place.
 G = Mean time per level.
                   A        B        C        D        E       F      G
               +--------+--------+--------+--------+--------+-----+--------+
         Total |  17887 |  17887 |      0 |   6144 |      0 |  16 | 1117.9 |
       Dungeon |  16592 |  16592 |      0 |   5574 |      0 |  14 | 1185.1 |
      Ice Cave |    124 |    124 |      0 |     63 |      0 |   1 |  124.0 |
      Gauntlet |   1170 |   1170 |      0 |    507 |      0 |   1 | 1170.0 |
               +--------+--------+--------+--------+--------+-----+--------+

Top non-repeatable levels by time:
    D:12: 2052 daAuts
    D:10: 1696 daAuts
     D:8: 1626 daAuts
     D:7: 1561 daAuts
    D:11: 1375 daAuts
     D:6: 1259 daAuts
     D:2: 1182 daAuts
     D:3: 1181 daAuts
     D:9: 1179 daAuts
Gauntlet: 1170 daAuts
     D:5: 992 daAuts
    D:13: 942 daAuts
     D:1: 789 daAuts
     D:4: 743 daAuts
   IceCv: 124 daAuts
